Map: Acid Plant LE

Players

CinDra

  • Race: Zerg Zerg
  • League: Gold
  • Spawn Location: 11:00

LUISDERAZ - Winner!

  • Race: Protoss Protoss
  • League: Gold
  • Spawn Location: 5:00

VOD

Have the link to the VOD?

Description

Time

  • Played on: March 12, 2018, 5:49 p.m.
  • Length: 5:00
Show
View Real Time Build Order
Export as new Build Order

CinDra Zerg 

Build Orders: Hatch First 

Get SALT Encoding   

  12  0:01  Drone  
  13  0:12  Overlord  
  13  0:17  Drone  
  14  0:30  Drone  
  15  0:37  Drone  
  16  0:47  Drone  
  17  0:53  Hatchery  
  16  0:58  Drone  
  16  1:03  Extractor  
  16  1:10  Drone  
  17  1:17  Spawning Pool  
  16  1:20  Drone  
  17  1:28  Drone  
  18  1:39  Drone  
  19  1:49  Overlord  
  19  2:06  Queen x2  
  19  2:07  Zergling x4  
  25  2:12  Zergling x2  
  26  2:16  Drone  
  26  2:22  Drone  
  28  2:30  Zergling x2  
  29  2:44  Drone x3  
  31  2:48  Queen  
  31  2:50  Overlord  
  34  2:55  Drone  
  35  3:03  Metabolic Boost  
  36  3:05  Drone  
  36  3:07  Overlord  
  36  3:22  Hatchery  
  36  3:24  Overlord  
  36  3:25  Drone x2  
  37  3:33  Drone x3  
  37  3:34  Drone  
  41  3:42  Drone  
  41  3:43  Drone x2  
  41  3:48  Spore Crawler  
  43  3:49  Drone  
  43  3:53  Spore Crawler, Drone  
  43  3:55  Drone  
  45  3:59  Drone x2  
  45  4:00  Drone  
  45  4:02  Drone  
  49  4:12  Zergling x8  
  50  4:20  Queen  
  50  4:22  Zergling x2  
  31  4:40  Zergling x4  
  31  4:41  Zergling x2  
Show
View Real Time Build Order
Export as new Build Order

LUISDERAZ Protoss - Winner!

Build Orders:  

Get SALT Encoding   

  12  0:01  Probe (Chrono Boost)  
  13  0:11  Probe (Chrono Boost)  
  14  0:16  Probe (Chrono Boost)  
  15  0:30  Pylon  
  15  0:48  Probe  
  16  1:00  Gateway  
  16  1:02  Gateway  
  16  1:04  Gateway  
  16  1:08  Pylon  
  16  1:20  Gateway  
  16  1:42  Pylon  
  16  1:43  Pylon  
  16  1:47  Zealot  
  16  1:49  Zealot  
  16  1:52  Zealot  
  22  2:08  Zealot  
  24  2:15  Zealot  
  26  2:18  Zealot  
  26  2:21  Zealot  
  30  2:35  Zealot  
  32  2:42  Zealot  
  34  2:45  Zealot  
  34  2:48  Zealot  
  38  3:02  Zealot  
  40  3:08  Pylon  
  40  3:09  Zealot  
  40  3:11  Pylon  
  42  3:19  Zealot  
  44  3:30  Zealot  
  46  3:36  Zealot  
  46  3:40  Zealot  
  50  3:48  Zealot  
  52  3:57  Zealot  
  54  4:03  Zealot  
  56  4:17  Zealot x2  
Tags
 
League
GoldGold
Matchup
PvZ
Spawn Locations
Cross Positions
Add a new tag
Caveats
  • Supply blocks, unpowered buildings, or Contaminate may cause inaccurate times.
  • Supply counts are checked every 10 seconds.